[Event "FIDE World School-ch G-15 2025"]
[Site "Vrnjacka Banja"]
[Date "2025.03.24"]
[Round "5.1"]
[White "Japparbekova, Malika"]
[Black "Aldea, Maria-Antonia"]
[Result "1-0"]
[Annotator "TA"]
[ECO "C74"]
[WhiteElo "1878"]
[BlackElo "1954"]
[PlyCount "59"]
[EventDate "2025.03.19"]
[EventType "swiss"]
[EventCountry "SRB"]
[SourceTitle "playchess.com"]
[Source "ChessBase"]
[SourceQuality "1"]
[TimeControl "5400+30"]

1. e4 e5 2. Nf3 Nc6 3. Bb5 a6 4. Ba4 d6 5. c3 f5 6. d4 fxe4 7. Ng5 (7. Nxe5 $11 dxe5 8. Qh5+ Ke7 9. Bxc6 bxc6 10. Qg5+ (10. Bg5+ Nf6 $11) 10... Ke8 11. Qh5+ Ke7) 7... exd4 $1 $15 {[%emt 0:05:59] C74: Ruy Lopez: Deferred Steinitz: 5 c3 f5.} 8. O-O Nf6 ({Better is} 8... d5 $17 9. cxd4 Nf6) 9. Re1 (9. f3 $15) 9... d5 $146 {[%emt 0:08:46] Black is clearly better.} (9... Be7 10. Nxe4 Nxe4 11. Rxe4 O-O 12. cxd4 Bf5 13. Re1 d5 14. Nc3 Bf6 15. Bxc6 bxc6 {0-1 Picanol Alemany,A (2252)-Puertas Manzano,J (2030) Barcelona Vila de Gracia op 23rd 2019 (3)}) 10. c4 h6 (10... dxc4 $6 11. Nxe4 Kf7 12. Bxc6 bxc6 13. Nxf6 (13. Ng5+ Kg8 $17) 13... Qxf6 14. Nd2 $15) 11. cxd5 hxg5 (11... Qxd5 12. Nxe4 Nxe4 13. Nc3 $16) 12. dxc6 b5 13. Bc2 Bf5 (13... Bb4 $142 14. Bd2 Bg4 15. Rxe4+ Nxe4 16. Qxg4 Nxd2 (16... Bxd2 $2 17. Qxe4+ Qe7 18. Nxd2 $18) 17. Nxd2 Bxd2 18. Qe2+ Kf8 19. Qxd2 Rh6) 14. Bxg5 Bb4 (14... Qd6 $17 15. g3 O-O-O (15... Qxc6 16. Qxd4 Qxc2 17. Qe5+ Be7 18. Bxf6 $16) 16. Bxf6 Qxf6 (16... gxf6 17. Bxe4 Bxe4 18. Rxe4 $11) 17. Bxe4 Bxe4 18. Rxe4 d3 (18... Qxc6 19. Rxd4 Bc5 20. Qg4+ Kb7 21. Rxd8 $11)) 15. Nd2 $2 (15. Rxe4+ $11 Bxe4 16. Bxe4) 15... d3 $19 16. Bb3 Qd6 17. g3 (17. Nf1 $17 {was worth a try.}) 17... Qxc6 $2 (17... O-O-O $19 {[%cal Ob4c5] Threatens to win with ...Bc5!.} 18. a4 Qxc6 (18... Bc5 $2 19. Bf4 $19) 19. axb5 axb5) 18. Rc1 $15 Qd7 19. Bxf6 ({White should play} 19. a3 $15 Bg4 20. Nxe4) 19... Bxd2 $4 (19... gxf6 $19 {and all is fine.} 20. a3 Ba5 (20... Bxd2 21. Qxd2 O-O-O 22. Rc5 $17) 21. Nxe4 O-O-O 22. Nxf6 Qd4 (22... d2 23. Qf3 $18)) 20. Qxd2 $18 gxf6 {[%emt 0:00:06] [#]} 21. Rc3 $2 (21. Rc5 $1 $18) 21... Kf8 $2 (21... O-O-O $14) 22. Rec1 $2 (22. Qf4 $18 Rh7 23. Rc5) 22... Ra7 (22... Qh7 $1 $14 23. h4 Qh6 24. Qxh6+ Rxh6) 23. Rc6 Kg7 24. R1c5 {[%emt 0:02:10][%cal Oc6f6] and Rxf6! should not be overlooked} Kg6 {[%emt 0:05:08] [#]} (24... e3 $142 25. fxe3 (25. Qxe3 Re8 $18) 25... Rf8) 25. Rxf6+ $3 Kxf6 26. Qc3+ Ke7 27. Qg7+ Kd8 28. Qxh8+ Ke7 29. Re5+ Kd6 30. Qf6+ {[%emt 0:00:12] Weighted Error Value: White=0.68/Black=1.67  Loses game:     	White=1     	Black=2      Missed win:     	White=2     	Black=2      Mistake:       	White=3     	Black=4      Inaccurate:     	White=1     	---        OK:         	White=5     	Black=5      Best:        	White=2     	Black=5} 1-0

[Event "FIDE World School-ch G-15 2025"]
[Site "Vrnjacka Banja"]
[Date "2025.03.24"]
[Round "5.2"]
[White "Zarkym, Ailin"]
[Black "Imomkuzieva, Nilufarkhon"]
[Result "1/2-1/2"]
[Annotator "TA"]
[ECO "C45"]
[WhiteElo "1763"]
[BlackElo "1983"]
[PlyCount "106"]
[EventDate "2025.03.19"]
[EventType "swiss"]
[EventCountry "SRB"]
[SourceTitle "playchess.com"]
[Source "ChessBase"]
[SourceQuality "1"]
[TimeControl "5400+30"]

1. e4 e5 2. Nf3 Nc6 3. d4 exd4 4. Nxd4 Bc5 5. Nf5 Qf6 6. Nc3 Nge7 7. Ne3 d6 8. Bb5 {[%emt 0:13:55] C45: Scotch Game.} a6 9. Be2 $146 (9. Ba4 O-O 10. O-O Ne5 11. Ncd5 Nxd5 12. Nxd5 Qd8 13. b4 Ba7 14. Bb3 Bg4 15. Qd2 c6 {0-1 Locatelli,V-Blezel,E Bethune op 24th 2003 (5)}) 9... Bd4 10. Bd2 Qg6 (10... O-O $11) 11. Bh5 $1 $14 Qf6 12. O-O Be6 13. Ned5 Bxd5 {[%emt 0:06:35] A sharp opening} 14. exd5 Ne5 15. Ne4 Qf5 16. Ng3 Qd7 {[%emt 0:02:15] [#]} (16... Qf6 $1 $11) 17. Bh6 $1 $16 Bxf2+ 18. Rxf2 gxh6 19. Qd4 O-O 20. Rf6 {[%emt 0:00:00][%cal Oa2a4] White is more active.} Qb5 21. Ne4 (21. Rd1 $1 $14) 21... Nxd5 $15 22. Rxh6 Qb6 (22... Nc6 {looks sharper.} 23. Qd2 Qxb2 24. Rd1 Nce7) 23. Qxb6 Nxb6 24. Ng5 Nd5 25. Rf1 Ne3 26. Rf4 Nd5 {[%emt 0:03:41] Excellent horsemanship.} 27. Rf1 {[%emt 0:00:26][%mdl 1024] White has compensation.} b5 28. c3 (28. Rxh7 $2 f6 29. Be2 fxg5 $19) (28. Nxh7 $2 Kg7 29. Nxf8 Kxh6 $19 (29... Rxf8 30. Bxf7 Rxf7 31. Rxf7+ Kxf7 32. Rh5 $17)) 28... Rad8 29. Bf3 (29. Rxh7 $2 f6 30. Be2 fxg5 $19) (29. Rf5 $11 {remains equal.}) 29... Ne3 $17 30. Re1 Nxf3+ 31. gxf3 Nf5 (31... Rfe8 $17 32. Kf2 Nf5 33. Rxh7 Rxe1 34. Kxe1 Re8+ 35. Kd2 Ne3 36. Rxf7 Nc4+ 37. Kc2 Re5 38. Rxc7 Rxg5) 32. Rh5 (32. Rxh7 $2 f6 33. Rxc7 fxg5 $19) 32... Ng7 33. Rxh7 Rfe8 34. Re4 Rxe4 35. fxe4 Ne6 ({Don't blunder} 35... f6 $2 36. Rxg7+ Kxg7 37. Ne6+ Kg6 38. Nxd8 $18) (35... Re8 $11 36. Rh4 f6) 36. Nxe6 $14 (36. Nxf7 $2 {loses.} Kxh7 37. Nxd8 Nxd8 $19) 36... fxe6 37. Rxc7 {[%emt 0:00:03][%mdl 4096] Endgame KR-KR. White is a pawn up.} d5 38. e5 d4 {[%emt 0:00:03] [#] Strongly threatening ...d3. The position is equal.} 39. cxd4 Rxd4 40. Rc6 Rd1+ 41. Kg2 Rd2+ 42. Kg3 a5 43. a4 Rxb2 44. axb5 a4 45. b6 a3 46. Rc8+ Kf7 47. Ra8 a2 48. b7 Kg6 49. Rxa2 Rb3+ 50. Kg2 Rxb7 51. Rf2 Kg5 52. Rf6 Rb2+ 53. Kg3 {[%emt 0:00:19] h4+ is the strong threat.} Rb3+ {[%emt 0:00:03] Weighted Error Value: White=0.11 (very precise) /Black=0.12 (very precise)   Mistake:       	White=2     	Black=4      Inaccurate:     	White=3     	Black=3      OK:         	White=15    	Black=21     Best:        	White=3     	Black=6      Strong:       	White=1     	---        Brilliant:      	White=1     	---} 1/2-1/2

[Event "FIDE World School-ch G-15 2025"]
[Site "Vrnjacka Banja"]
[Date "2025.03.24"]
[Round "5.3"]
[White "Assylkhan, Asiya"]
[Black "Ferrer Naranjo, Liennys"]
[Result "1/2-1/2"]
[Annotator "TA"]
[ECO "D12"]
[WhiteElo "1969"]
[BlackElo "1950"]
[PlyCount "88"]
[EventDate "2025.03.19"]
[EventType "swiss"]
[EventCountry "SRB"]
[SourceTitle "playchess.com"]
[Source "ChessBase"]
[SourceQuality "1"]
[TimeControl "5400+30"]

1. d4 d5 2. c4 c6 3. Nf3 Nf6 4. e3 Bf5 5. Nh4 Bg6 6. Nc3 e6 7. Qb3 Qb6 8. Nxg6 hxg6 9. Bd2 {[%emt 0:00:00] D12: Slav Defence: 3 Nf3 Nf6 4 e3 Bf5.} Nbd7 10. Qc2 Be7 11. cxd5 {[%emt 0:00:00] White has an edge.} exd5 12. Be2 a5 $146 (12... Rc8 13. Rc1 Bb4 14. O-O Bd6 15. g3 O-O 16. Bf3 Rfe8 17. Bg2 Nf8 18. Rfd1 Rcd8 {½-½ Jelen,I (2374)-Budihna,K (2062) Nova Gorica op 23rd 2018 (4)}) 13. h3 Bb4 14. Bd3 Qd8 15. a3 Bd6 16. Rb1 Qe7 17. b4 axb4 18. axb4 O-O 19. Na4 b5 20. Nc5 Nxc5 21. dxc5 (21. bxc5 $11 Bc7 22. O-O) 21... Be5 $36 {[%emt 0:00:00][%mdl 2048] Black has good play.} 22. O-O Ra4 23. Rfe1 {[%emt 0:00:00] [#]} (23. f4 $1 $11 Bc7 24. Ra1) 23... Ne4 24. f4 (24. Bxe4 $11 dxe4 25. Bc3 (25. Qxe4 $2 Bh2+ 26. Kxh2 Qxe4 $19)) 24... Bf6 {[%emt 0:00:00] Strong Square Black (e4)} 25. g4 {[%emt 0:00:31] [#]} (25. Bxe4 $15 Qxe4 26. Qxe4 dxe4 27. Red1) 25... Bh4 (25... Rfa8 $1 $19 {And now ...Ra2 would win.} 26. g5 Bxg5 27. Bxe4 Ra2) 26. Re2 $17 Rfa8 27. Bxe4 (27. Bc1 $17) 27... dxe4 $2 (27... Ra2 $1 $19 28. Rb2 Rxb2 29. Qxb2 Qxe4) 28. Bc3 $15 Bf6 29. Bxf6 gxf6 30. Qb2 (30. Rd2 $11 {remains equal.}) 30... Ra3 $17 31. Rd1 Qe6 (31... Rd3 $17 32. Rdd2 Kh7) 32. Qd4 Ra2 33. Red2 Qb3 34. Qxe4 Rxd2 35. Rxd2 $11 {[%emt 0:00:01][%mdl 4096] Endgame KQR-KQR. White is a pawn up.} Ra1+ 36. Kh2 $2 {[%emt 0:00:23] [#]} (36. Kf2 $11) 36... Re1 $1 $19 37. Qd3 (37. Qxc6 $2 {too greedy.} Qxe3 38. Qa8+ Kh7 $19 (38... Kg7 $2 39. Rg2 $19)) 37... Rxe3 $2 (37... Qxb4 $19 38. g5 fxg5 (38... Qxc5 39. Qd8+ Kh7 40. Qxf6 $17)) 38. Qxb3 $11 {[%emt 0:00:10] The position is equal.} Rxb3 $19 {[%emt 0:00:04] KR-KR} 39. Rd6 Rxb4 40. Rxf6 Rc4 41. Rxc6 Rxf4 42. Rb6 b4 43. Kg3 Rc4 44. c6 Kg7 {[%emt 0:00:26] Weighted Error Value: White=0.28 (precise) /Black=0.22 (precise)   Loses game:     	White=1     	---        Missed win:     	---       	Black=2      Mistake:       	White=6     	Black=3      Inaccurate:     	White=2     	Black=3      OK:         	White=10    	Black=16     Best:        	White=1     	Black=2      Strong:       	---       	Black=1} 1/2-1/2

[Event "FIDE World School-ch G-15 2025"]
[Site "Vrnjacka Banja"]
[Date "2025.03.24"]
[Round "5.4"]
[White "Preobrazhenskaya, Diana"]
[Black "Leisle, Darya"]
[Result "1-0"]
[Annotator "TA"]
[ECO "B33"]
[WhiteElo "2032"]
[BlackElo "1750"]
[PlyCount "83"]
[EventDate "2025.03.19"]
[EventType "swiss"]
[EventCountry "SRB"]
[SourceTitle "playchess.com"]
[Source "ChessBase"]
[SourceQuality "1"]
[TimeControl "5400+30"]

1. e4 c5 2. Nf3 Nc6 3. d4 cxd4 4. Nxd4 Nf6 5. Nc3 e5 6. Ndb5 d6 7. Bg5 a6 8. Na3 b5 9. Nd5 Be7 10. Bxf6 Bxf6 11. c3 O-O 12. Nc2 Bg5 13. a4 bxa4 14. Rxa4 a5 15. Bc4 Rb8 {[%emt 0:00:33] 15...Bd7 is vanishing.} 16. b3 {[%emt 0:00:42] 16.Ra2 is not played anymore.} Kh8 17. Nce3 {[%emt 0:00:10] Strong Square White (d5) B33: Sicilian: Pelikan and Sveshnikov Variations.} Ne7 18. Nxe7 Qxe7 19. Nd5 {[%emt 0:00:05] White is slightly better.} ({Much worse is} 19. Rxa5 Bxe3 20. fxe3 Qh4+ 21. Kd2 Bb7 $17 (21... Qxe4 22. Bd5 $15)) 19... Qd8 20. O-O f5 21. Qd3 fxe4 22. Qxe4 Bf5 {[%emt 0:04:11] This pair of bishops is nice.} 23. Qe2 Bh4 24. g3 $146 (24. Ne3 Bd7 25. Ra2 Qb6 26. Qd3 Qc5 27. Qd5 Qxd5 28. Bxd5 Bd8 29. Rd1 Be8 30. g3 Bc7 31. h4 {½-½ Geissler,W (2333)-Grebenshchikov,A (2340) W-Cup21 WS06 email 2015}) 24... Bg5 25. Rfa1 Qd7 26. Rxa5 {[%emt 0:04:51] Strong Rooks White (a1+a5)} Bg4 27. Qe1 Bf3 28. Ne3 Bxe3 (28... Bd8 $11) 29. Qxe3 $16 d5 30. Bf1 Qf5 (30... d4 $142 31. Qxe5 d3) 31. b4 Rbc8 {[%emt 0:05:46] [#]} 32. c4 $1 dxc4 (32... Rb8 33. cxd5) 33. Rxe5 Qf6 34. Rc1 Qf7 35. Re7 {[%emt 0:08:57] Black is weak on the dark squares} Qd5 36. h4 c3 $2 (36... h6 37. Qa7 (37. Qc3 Rf6 $18) 37... Ra8) 37. Rxc3 $18 {[%emt 0:01:22] White is clearly winning.} Ra8 38. Rd3 Qc6 39. Qg5 {[%emt 0:01:43][%csl Ge7][%cal Rg5g7] [#]} Rg8 40. b5 Qf6 41. Qxf6 gxf6 42. Rxf3 {[%emt 0:00:03] Weighted Error Value: White=0.36/Black=0.75  Mistake:       	---       	Black=3      Inaccurate:     	White=1     	Black=2      OK:         	White=11    	Black=7      Best:        	White=3     	Black=2} 1-0

[Event "FIDE World School-ch G-15 2025"]
[Site "Vrnjacka Banja"]
[Date "2025.03.24"]
[Round "5.5"]
[White "Aadya Gupta"]
[Black "Torres Ccahuay, Dayana Nievevska"]
[Result "1-0"]
[Annotator "NA RC"]
[ECO "D46"]
[WhiteElo "1928"]
[BlackElo "1840"]
[PlyCount "117"]
[EventDate "2025.03.19"]
[EventType "swiss"]
[EventCountry "SRB"]
[SourceTitle "playchess.com"]
[Source "ChessBase"]
[SourceQuality "1"]
[TimeControl "5400+30"]

1. d4 d5 2. c4 e6 3. Nf3 Nf6 4. Nc3 c6 5. e3 Nbd7 6. b3 Bd6 7. Bb2 Qe7 8. Bd3 O-O 9. Qc2 Re8 10. Be2 h6 11. O-O e5 12. cxd5 cxd5 13. Nb5 e4 14. Nxd6 Qxd6 15. Ne5 Nb6 16. a4 Nh7 17. f4 f6 18. Ba3 Qd8 19. Ng6 Bf5 20. Nh4 Be6 21. Bh5 Bf7 22. Bxf7+ Kxf7 23. Nf5 Re6 24. Qe2 Nf8 25. Qg4 g6 26. Nxh6+ Ke8 27. f5 gxf5 28. Qh5+ Kd7 29. Qf7+ Re7 30. Qxe7+ Qxe7 31. Bxe7 Kxe7 32. Nxf5+ Ke6 33. Rac1 Nbd7 34. g4 a5 35. Rc7 b5 36. axb5 Rb8 37. Rc6+ Kf7 38. Ra1 Kg6 39. Rxa5 Kg5 40. h3 Ng6 41. Ra7 Ndf8 42. b6 Nh4 43. Nxh4 Kxh4 44. b7 Kg3 45. Rc8 Nd7 46. Rxb8 Nxb8 47. Ra8 Nc6 48. b8=Q+ Nxb8 49. Rxb8 Kf3 50. h4 Kxe3 51. h5 Kxd4 52. h6 e3 53. h7 Kd3 54. h8=Q d4 55. Qxf6 e2 56. Re8 Kd2 57. Qxd4+ Ke1 58. Qf2+ Kd1 59. Qxe2+ 1-0

[Event "FIDE World School-ch G-15 2025"]
[Site "Vrnjacka Banja"]
[Date "2025.03.24"]
[Round "5.6"]
[White "Biro, Beata"]
[Black "Margad, Munkhpurev"]
[Result "1-0"]
[Annotator "TA"]
[ECO "C08"]
[WhiteElo "1877"]
[BlackElo "1925"]
[PlyCount "103"]
[EventDate "2025.03.19"]
[EventType "swiss"]
[EventCountry "SRB"]
[SourceTitle "playchess.com"]
[Source "ChessBase"]
[SourceQuality "1"]
[TimeControl "5400+30"]

1. e4 e6 2. d4 d5 3. Nd2 c5 4. Ngf3 Nc6 5. exd5 exd5 6. Bb5 Nf6 7. O-O Be7 8. dxc5 O-O 9. Nb3 Bg4 10. Bf4 {[%emt 0:07:26] C08: French Tarrasch: 3...c5 4 exd5 exd5 sidelines.} Ne4 11. Bxc6 bxc6 12. Be3 $146 {[%emt 0:00:44] The position is equal.} (12. Nbd4 Rc8 13. b4 Bf6 14. Qd3 Bh5 15. Rae1 Bg6 16. Qe3 Re8 17. c3 Qd7 18. Qc1 {1-0 Sheremet,A (1940)-Panasenko,A EU-ch U12 Batumi 2010 (2)}) 12... Qc7 {[%emt 0:01:33] Black sacrificed a pawn} 13. h3 Bh5 14. c3 Rae8 15. Bd4 f5 16. Qd3 Bxf3 (16... a5 $11) 17. Qxf3 $14 f4 18. Rfe1 {[%emt 0:06:21] White now steadily converts the win.} g6 ({Black should play} 18... Bd8) 19. c4 $16 Ng5 20. Qd3 f3 (20... Qd7 $142) 21. Be3 Qe5 (21... fxg2 $16 22. Bxg5 (22. cxd5 $2 Nf3+ 23. Kxg2 Qh2+ 24. Kf1 Bh4 $19) 22... Bxg5 23. Rxe8 (23. cxd5 Qf7 $14) 23... Rxe8 24. cxd5 (24. Kxg2 Re5 $14) 24... Re5) 22. cxd5 $18 cxd5 23. Rad1 Rd8 $2 (23... fxg2 24. Bxg5 (24. Qxd5+ $2 {loses.} Qxd5 25. Rxd5 Nf3+ 26. Kxg2 Nxe1+ $19) (24. Kxg2 Nf3 $19) 24... Qxg5 25. Qxd5+ Qxd5 26. Rxd5 Bf6 27. Rxe8 Rxe8) 24. Nd4 Qf6 25. Bxg5 Qxg5 {[%emt 0:00:05][%csl Gf3][%cal Rg5g2] [#]} 26. Nxf3 Qf6 27. b4 Rd7 28. Re2 {[%emt 0:03:49] White is clearly winning.} Rfd8 29. Rde1 Bf8 30. Nd4 Bg7 31. Ne6 Rc8 32. b5 Qc3 33. Qxc3 Bxc3 34. Rd1 d4 35. Rd3 Rd5 36. a4 Kf7 37. c6 g5 38. Re4 Re8 {[%emt 0:01:03] [#]} 39. c7 $1 Rc8 40. Nd8+ Kg6 41. Re6+ Kg7 42. Re7+ Kg6 43. Nc6 Rc5 44. Rd7 {[%emt 0:00:00] and Ne7+ should not be overlooked} Kh6 45. Kh2 Rc4 46. a5 Rc5 47. a6 Rc4 48. Nxa7 R8xc7 49. Rxc7 Rxc7 50. b6 Re7 51. b7 Re8 52. Nc8 {[%emt 0:00:05] Weighted Error Value: White=0.23 (precise) /Black=0.43  Mistake:       	---       	Black=5      Inaccurate:     	White=3     	Black=4      OK:         	White=11    	Black=4      Best:        	White=3     	Black=1} 1-0